 Dungeon Crawl Stone Soup version 0.26-a0-1021-gda264ca44c (webtiles) character file.

Game seed: 9565902720339731249

13722 streetpizza the Destroyer (level 11, -13/92 HPs)
             Began as a White Draconian Conjurer on Dec 8, 2020.
             Was a Priest of Vehumet.
             Mangled by a boulder beetle (18 damage)
             ... on level 11 of the Dungeon.
             The game lasted 01:09:41 (13189 turns).

streetpizza the Destroyer (DrCj)                   Turns: 13189, Time: 01:09:42

Health: -13/92     AC: 10    Str:  6    XL:     11   Next: 79%
Magic:  8/23       EV: 15    Int: 27    God:    Vehumet [***...]
Gold:   285        SH:  0    Dex:  9    Spells: 14/26 levels left

rFire    . . .     SeeInvis .   O - +9 long sword of Charity {flame, rElec rC+ Str-5}
rCold    + + .     Faith    .   (no shield)
rNeg     . . .     Spirit   .   (armour unavailable)
rPois    .         Reflect  .   J - +1 hat
rElec    +         Harm     .   (no cloak)
rCorr    .         Rampage  .   r - +0 pair of gloves
Will     .....                  e - +0 pair of boots
Stlth    ++........             K - amulet of regeneration
HPRegen  0.65/turn              G - +6 ring of intelligence
MPRegen  0.18/turn              (no ring)

@: short of breath
A: breathe frost, unfitting armour, cold resistance 1, cold-blooded, AC +7
a: Breathe Frost, Renounce Religion


You were on level 11 of the Dungeon.
You worshipped Vehumet.
Vehumet was most pleased with you.
You visited 2 branches of the dungeon, and saw 13 of its levels.

You collected 901 gold pieces.
You spent 616 gold pieces at shops.

Inventory:

Hand Weapons
 t - the +3 flail of Rotten Absolution {vorpal, rElec rF+}
   (You found it on level 9 of the Dungeon)

   It inflicts extra damage upon your enemies.
   It protects you from fire.
   It insulates you from electricity.
 y - a +4 rapier
 A - a +2 falchion of holy wrath
 O - the +9 long sword of Charity (weapon) {flame, rElec rC+ Str-5}
   (You found it on level 10 of the Dungeon)

   It has been specially enchanted to burn those struck by it, causing extra
   injury to most foes and up to half again as much damage against particularly
   susceptible opponents.
   Big, fiery blades are also staple armaments of hydra-hunters.
   It affects your strength (-5).
   It protects you from cold.
   It insulates you from electricity.
Missiles
 c - 59 poisoned darts (quivered)
Armour
 e - a +0 pair of boots (worn)
 r - a +0 pair of gloves (worn)
 D - a +0 cloak
 J - a +1 hat (worn)
Magical Staves
 x - an uncursed staff of earth
Jewellery
 u - an uncursed amulet of faith
 G - a +6 ring of intelligence (left hand)
 K - an amulet of regeneration (around neck)
 N - an uncursed amulet of regeneration
 P - an uncursed ring of wizardry
Wands
 a - a wand of random effects (42)
 j - a wand of polymorph (32)
 k - a wand of digging (3)
 v - a wand of iceblast (21)
 z - a wand of flame (12)
Scrolls
 d - a scroll of fear {unknown}
 f - 6 scrolls of remove curse
 g - 7 scrolls of identify
 h - a scroll of blinking {unknown}
 l - 3 scrolls of teleportation
 p - 5 scrolls of random uselessness
 w - 5 scrolls of immolation {unknown}
 B - 2 scrolls of noise {unknown}
 C - a scroll of magic mapping {unknown}
 E - 3 scrolls of amnesia {unknown}
 F - a scroll of holy word {unknown}
 L - a scroll of enchant armour {unknown}
 M - a scroll of brand weapon {unknown}
 Q - a scroll of enchant weapon {unknown}
Potions
 b - 2 potions of invisibility
 i - a potion of flight {unknown}
 m - 4 potions of curing
 n - 2 potions of degeneration {unknown}
 o - 2 potions of attraction
 q - 2 potions of magic {unknown}
 s - 3 potions of berserk rage
 H - a potion of brilliance
 I - a potion of lignification {unknown}


   Skills:
 - Level 7.6 Fighting
 + Level 8.2 Dodging
 - Level 1.7 Stealth
 + Level 8.2 Spellcasting
 * Level 12.6 Conjurations
 * Level 3.4 Fire Magic


You had 14 spell levels left.
You knew the following spells:

 Your Spells              Type           Power        Failure   Level
a - Magic Dart            Conj           ####         1%          1
b - Searing Ray           Conj           ######       1%          2
c - Iskenderun's Mystic   Conj/Tloc      #####...     1%          4
d - Fireball              Conj/Fire      ######....   1%          5

Your spell library contained the following spells:

 Spells                   Type           Power        Failure   Level
 Mephitic Cloud           Conj/Pois/Air  ####....     1%          3
 Foxfire                  Conj/Fire      ####         1%          1
 Conjure Flame            Conj/Fire      ######..     1%          3
 Dazzling Flash           Conj/Hex       #####.       1%          3
 Fulminant Prism          Conj/Hex       #####.....   1%          4
 Sticky Flame             Conj/Fire      ######..     1%          4
 Inner Flame              Hex/Fire       ###.....     2%          3
 Confusing Touch          Hex            ##......     16%         3
 Gell's Gravitas          Tloc           ##........   16%         3
 Yara's Violent Unravell  Hex/Tmut       ##........   34%         5
 Petrify                  Tmut/Erth      ##......     45%         4
 Metabolic Englaciation   Hex/Ice        ##........   82%         5
 Chain Lightning          Conj/Air       #####.....   99%         8
 Lehudib's Crystal Spear  Conj/Erth      #####.....   99%         8
 Absolute Zero            Ice            ##........   100%        9
 Fire Storm               Conj/Fire      ######....   100%        9


Dungeon Overview and Level Annotations

Branches:
Dungeon (12/15)            Temple (1/1) D:7            Lair (0/6) D:11
    Orc (0/2) D:9

Altars:
Ashenzari
Cheibriados
Dithmenos
Elyvilon
Fedhas
Gozag
Hepliaklqana
Kikubaaqudgha
Makhleb
Nemelex Xobeh
Okawaru
Qazlal
Ru
Sif Muna
Trog
Uskayaw
Vehumet
Wu Jian
Xom
Yredelemnul
Zin
The Shining One
Beogh

Shops:
D:4 :   D:8 **[   D:9 [


Innate Abilities, Weirdness & Mutations

You can breathe waves of freezing cold.
You can buffet flying creatures when you breathe cold.
Your icy white scales are hard. (AC +7)
You cannot fit into any form of body armour.
Your flesh is cold resistant. (rC+)
You are cold-blooded and may be slowed by cold attacks.


Message History

The boulder beetle is severely wounded.
You finish channeling your searing ray.
Casting: Searing Ray (safe; 1% risk of failure)
Confirm with . or Enter, or press ? or * to list all spells.
Aiming: Searing Ray (safe; 1% risk of failure)
Press: ? - help, Shift-Dir - straight line, f/p - boulder beetle
Aim: a boulder beetle (severely wounded, 0% to evade)
The searing ray hits the boulder beetle but does no damage.
The boulder beetle is severely wounded. (Press . to maintain the ray.)
The boulder beetle hits you!!!
* * * LOW HITPOINT WARNING * * *
The boulder beetle stops rolling and uncurls.
The searing ray hits the boulder beetle but does no damage.
The boulder beetle is severely wounded.
The boulder beetle barely misses you.
The searing ray hits the boulder beetle.
The boulder beetle is severely wounded.
The boulder beetle bites you!!
You die...

#.#######.#.##.................#
#.........#)##..##..#..........#
#####.#####.##..##..........##.#
##.#...#.##..........[†>.......#
#...#.#...#.......#######.......
.##.#.#.#.##.....#.# #..#.....##
.#.#...(.#.#.......####..#.......
....#.#.#.....######.###'####'###
.#.#....(#.#...B@................
.##.#.#.#.##.......).............
#...#.#...#.####################
##.#...#.##.....................
.#####.#####.####################
.................................
........###......................
.................................
..#......##...#..#.........#.....


You could see a boulder beetle.

Vanquished Creatures
  2 two-headed ogres
  The ghost of Anlio the Pure, a novice PaAK of Lugonu (D:6)
  An ugly thing (D:7)
  2 oklob plants (D:11)
  A cyclops (D:11)
  Maurice (D:8)
  2 centaur zombies
  A gargoyle (D:11)
  A centaur skeleton (D:10)
  5 trolls
  A hornet (D:10)
  Sigmund (D:3)
  2 wraiths (D:10)
  7 yaks
  A wyvern (D:11)
  Eustachio (D:6)
  A steam dragon (D:10)
  2 water moccasins
  5 ice beasts
  A hornet zombie (D:6)
  3 black bears
  2 phantoms
  6 sky beasts
  2 ogres
  3 orc warriors
  3 centaurs
  A big kobold (D:10)
  7 bullfrogs
  A wyvern zombie (D:11)
  A water moccasin zombie (D:9)
  6 scorpions
  11 killer bees (D:10)
  4 wights
  6 howler monkeys
  A crimson imp (D:6)
  3 jellies
  6 orc priests
  8 hounds
  3 orc wizards
  Ijyb (D:3)
  A bullfrog skeleton (D:6)
  9 iguanas
  9 worker ants
  A hound zombie (D:7)
  2 worker ant zombies
  8 gnolls
  15 adders
  3 shadow imps
  A white imp (D:7)
  3 oozes
  3 worms
  2 dart slugs
  8 leopard geckos
  25 orcs
  2 ball pythons
  21 bats
  6 giant cockroaches
  14 hobgoblins
  15 jackals
  8 quokkas
  6 frilled lizards
  5 goblins
  8 kobolds
  2 leopard gecko skeletons
  A quokka skeleton (D:4)
  A quokka zombie (D:7)
  15 rats
311 creatures vanquished.

Vanquished Creatures (others)
  2 plants (D:11)
2 creatures vanquished.

Grand Total: 313 creatures vanquished

Notes
Turn   | Place    | Note
-------+----------+-------------------------------------------
     0 | D:1      | streetpizza the Draconian Conjurer began the quest for the
                  | Orb.
     0 | D:1      | Reached XP level 1. HP: 14/14 MP: 3/3
   247 | D:1      | Reached XP level 2. HP: 20/20 MP: 1/5
   275 | D:1      | Learned a level 2 spell: Searing Ray
   755 | D:1      | Reached XP level 3. HP: 26/26 MP: 2/6
  1580 | D:2      | Reached XP level 4. HP: 33/33 MP: 1/7
  1652 | D:2      | Reached skill level 5 in Conjurations
  1700 | D:2      | Found a stormy altar of Qazlal.
  1701 | D:2      | Found a basalt altar of Yredelemnul.
  2690 | D:3      | Reached XP level 5. HP: 38/38 MP: 4/9
  2759 | D:3      | Found a sacrificial altar of Ru.
  2766 | D:3      | Noticed Ijyb
  2786 | D:3      | Killed Ijyb
  2974 | D:3      | Noticed Sigmund
  3028 | D:3      | Found a broken altar of Ashenzari.
  3202 | D:3      | Killed Sigmund
  3203 | D:3      | Reached skill level 6 in Conjurations
  3203 | D:3      | Reached XP level 6. HP: 20/45 MP: 0/11
  3724 | D:4      | Found an iron altar of Okawaru.
  3818 | D:4      | Found Dalydoki's Book Emporium.
  3940 | D:4      | Your scales start taking on an icy white colour.
  3940 | D:4      | Reached XP level 7. HP: 40/50 MP: 1/12
  3940 | D:4      | Gained mutation: Your flesh is cold resistant. (rC+) [White
                  | Draconian growth]
  4660 | D:4      | Reached skill level 7 in Conjurations
  4866 | D:5      | Entered Level 5 of the Dungeon
  5171 | D:5      | Reached skill level 1 in Fighting
  5443 | D:5      | Reached XP level 8. HP: 60/60 MP: 11/14
  5976 | D:6      | Noticed Eustachio
  5983 | D:6      | Killed Eustachio
  6240 | D:6      | Reached skill level 8 in Conjurations
  6330 | D:6      | Identified the +1 robe "Uvve" {Dex+7}
  6471 | D:6      | Reached skill level 5 in Dodging
  6471 | D:6      | Reached skill level 5 in Spellcasting
  6571 | D:6      | Found a runed translucent door.
  6575 | D:6      | Noticed Anlio's ghost (novice PaAK)
  6621 | D:6      | Found a hide-covered altar of Uskayaw.
  6977 | D:6      | Found a burning altar of Makhleb.
  6999 | D:6      | Found a shimmering altar of Xom.
  7076 | D:6      | Reached XP level 9. HP: 70/71 MP: 10/17
  7104 | D:6      | Killed Anlio's ghost
  7105 | D:6      | Reached skill level 9 in Conjurations
  7317 | D:7      | Found a staircase to the Ecumenical Temple.
  7428 | Temple   | Entered the Ecumenical Temple
  7604 | Temple   | Became a worshipper of Vehumet
  8100 | D:7      | Reached skill level 5 in Fighting
  8163 | D:4      | Bought a book of Flames for 455 gold pieces
  8329 | D:7      | Found a glowing silver altar of Zin.
  8541 | D:7      | Reached skill level 10 in Conjurations
  8692 | D:8      | Found Rab Kofi's General Store.
  8786 | D:8      | Found Ohec's Assorted Antiques.
  9058 | D:8      | Found Cuwo's Antique Armour Emporium.
  9077 | D:8      | Found a bloodstained altar of Trog.
  9199 | D:8      | Reached XP level 10. HP: 50/83 MP: 13/19
  9370 | D:8      | Noticed Maurice
  9378 | D:8      | Killed Maurice
  9378 | D:8      | Reached * piety under Vehumet
  9378 | D:8      | Offered knowledge of Freeze by Vehumet.
  9510 | D:8      | Noticed a two-headed ogre
  9517 | D:8      | Killed a two-headed ogre
  9719 | D:9      | Noticed a cyan ugly thing
  9797 | D:7      | Killed a red ugly thing
 10147 | D:9      | Reached skill level 11 in Conjurations
 10219 | D:9      | Found a hazy altar of Hepliaklqana.
 10825 | D:9      | Got a warped flail
 10826 | D:9      | Identified the cursed +3 flail of Rotten Absolution
                  | {vorpal, rElec rF+} (You found it on level 9 of the
                  | Dungeon)
 10890 | D:9      | Found Naof's Antique Armour Shop.
 10921 | D:8      | Bought a runed hat for 161 gold pieces
 11060 | D:9      | Found a staircase to the Orcish Mines.
 11102 | D:9      | Found a roughly hewn altar of Beogh.
 11151 | D:10     | Entered Level 10 of the Dungeon
 11182 | D:10     | Learned a level 4 spell: Iskenderun's Mystic Blast
 11288 | D:10     | Reached XP level 11. HP: 90/92 MP: 13/22
 11485 | D:10     | Offered knowledge of Sandblast by Vehumet.
 11547 | D:10     | Got a slimy long sword
 11549 | D:10     | Identified the +9 long sword of Charity {flame, rElec rC+
                  | Str-5} (You found it on level 10 of the Dungeon)
 11591 | D:10     | Reached ** piety under Vehumet
 12053 | D:11     | Reached skill level 12 in Conjurations
 12085 | D:11     | Noticed an oklob plant
 12087 | D:11     | Noticed an oklob plant
 12102 | D:11     | Learned a level 5 spell: Fireball
 12102 | D:11     | Found a staircase to the Lair.
 12106 | D:11     | Killed an oklob plant
 12106 | D:11     | Killed an oklob plant
 12107 | D:11     | Reached skill level 1 in Fire Magic
 12337 | D:11     | Noticed a two-headed ogre
 12349 | D:11     | Killed a two-headed ogre
 12837 | D:11     | Offered knowledge of Mephitic Cloud by Vehumet.
 12972 | D:11     | Noticed a boulder beetle
 13139 | D:11     | Reached *** piety under Vehumet
 13187 | D:11     | HP: 3/92 [boulder beetle (36)]
 13189 | D:11     | Mangled by a boulder beetle

Illustrated notes

Levels and vault maps discovered:
D:1:      heliophobic_arrival_ceremonial_halls, layout_basic
D:2:      minmay_chambers_of_twos, layout_basic,
          gammafunk_temple_overflow_statue
D:3:      layout_basic, nicolae_ru_sacrificial_ziggurat, serial_glass,
          glass_columns_c, glass_columns_a, due_unseen_surprise,
          minmay_strange_pillars, evilmike_ruin_ashenzari, uniq_ijyb,
          uniq_sigmund
D:4:      wad_pebble_path, layout_loops_ring, lemuel_doored_altar, serial_shops,
          shop, roderic_batcave, grunt_ministairs_13, minivault_11
D:5:      layout_loops_ring
D:6:      layout_gridville, grunt_temple_overflow_champion_of_chaos,
          kennysheep_mini, ebering_ghost_sewer_d, uniq_eustachio
D:7:      layout_loops_ring, kennysheep_little_box,
          minmay_temple_entry_large_hall
D:8:      layout_cave_pools, trog_ov_bears_minmay, serial_shops,
          nicolae_shop_overgrown_old_shop, nicolae_shop_trees,
          nicolae_shop_competitors_out_of_business, uniq_maurice
D:9:      layout_cave_pools, lemuel_round_altar, minmay_orc_entry_temple_small,
          serial_shops, kennysheep_mini_moat, kennysheep_minor_cross
D:10:     layout_loops_cross
D:11:     minmay_the_grid_net [minmay_the_grid_expand,
          minmay_the_grid_spin_star, minmay_the_grid_odd_star,
          minmay_the_grid_diamond_grid, minmay_the_grid_x,
          minmay_the_grid_prize_shrinking_boxes], layout_stronghold,
          dpeg_oklobed_lair, minmay_diamond_spiral, uniq_harold
D:12:     layout_basic, uniq_nergalle, uniq_sonja
Temple:   minmay_temple_bridge_abc

Skill      XL: |  1  2  3  4  5  6  7  8  9 10 11 |
---------------+----------------------------------+-----
Dodging        | 2 3 4 5 6 7 8 |  8.2
Conjurations   | 5 6 7 8 10 11 12 | 12.6
Spellcasting   | 3 4 5 6 7 8 |  8.2
Fighting       | 1 3 5 7 |  7.6
Fire Magic     | 3 |  3.4
Stealth        | |  1.7

Action                   |  1- 3 |  4- 6 |  7- 9 | 10-12 || total
-------------------------+-------+-------+-------+-------++-------
Melee: Unarmed           |     6 |       |       |       ||     6
       Whip              |    20 |    68 |    22 |       ||   110
       Tailslap          |     1 |     4 |     4 |     4 ||    13
       Rapier            |       |       |    52 |    21 ||    73
       Trident           |       |       |     8 |       ||     8
       Flail             |       |       |       |     6 ||     6
       Long sword        |       |       |       |    62 ||    62
Throw: Dart              |       |       |       |     2 ||     2
 Cast: Magic Dart        |    62 |     2 |     3 |     1 ||    68
       Searing Ray       |     4 |    27 |    74 |    58 ||   163
       Iskenderun's Myst |       |       |       |     8 ||     8
       Fireball          |       |       |       |     6 ||     6
 Abil: Breathe Frost     |       |       |    17 |    24 ||    41
  Use: Potion            |       |     2 |     6 |     1 ||     9
       Scroll            |       |       |     2 |     3 ||     5
 Stab: Sleeping          |     1 |     1 |     1 |       ||     3
Armor: Skin              |    15 |    36 |    60 |    49 ||   160
Dodge: Dodged            |    28 |    74 |   141 |   155 ||   398
       Rpst.: Long sword |       |       |       |    28 ||    28

Table legend: (Time is in decaauts)
 A = Elapsed time spent in this place.
 B = Non-inter-level travel time spent in this place.
 C = Inter-level travel time spent in this place.
 D = Time resting spent in this place.
 E = Time spent auto-exploring this place.
 F = Levels seen in this place.
 G = Mean time per level.
                   A        B        C        D        E       F      G
               +--------+--------+--------+--------+--------+-----+--------+
         Total |  13238 |  12757 |    481 |    588 |   9825 |  13 | 1018.3 |
       Dungeon |  13041 |  12579 |    462 |    588 |   9654 |  12 | 1086.8 |
        Temple |    196 |    177 |     19 |      0 |    171 |   1 |  196.0 |
               +--------+--------+--------+--------+--------+-----+--------+

Top non-repeatable levels by time:
     D:7: 1467 daAuts
     D:6: 1307 daAuts
     D:2: 1286 daAuts
     D:1: 1240 daAuts
     D:3: 1195 daAuts
     D:4: 1174 daAuts
     D:8: 1168 daAuts
     D:5: 1112 daAuts
    D:11: 1027 daAuts
     D:9: 1025 daAuts
    D:10: 905 daAuts
  Temple: 196 daAuts
    D:12: 131 daAuts
